 Dungeon Crawl Stone Soup version 0.28-a0-1406-ga8dd43b1d0 (webtiles) character file.

Game seed: 4034922985361548241

87 Froggeryz the Ruffian (level 4, -2/35 HPs)
             Began as a Ghoul Wanderer on Jan 6, 2022.
             Slain by an orc (4 damage)
             ... on level 4 of the Dungeon.
             The game lasted 00:04:15 (3047 turns).

Froggeryz the Ruffian (Ghoul Wanderer)              Turns: 3047, Time: 00:04:16

Health: -2/35      AC:  5    Str: 19    XL:     4   Next: 51%
Magic:  3/3        EV: 10    Int:  4    God:
Gold:   93         SH:  4    Dex:  9    Spells: 3/3 levels left

rFire   . . .      SeeInvis .     - Unarmed
rCold   + . .      Faith    .   d - +0 buckler
rNeg    + + +      Spirit   .   e - +0 leather armour
rPois   ∞          Reflect  .   (no helmet)
rElec   .          Harm     .   f - +0 cloak
rCorr   .          Rampage  .   (no gloves)
Will    .....                   n - +0 pair of boots
Stlth   +.........              (no amulet)
HPRegen 0.00/turn               (no ring)
MPRegen 0.08/turn               (no ring)

@: inhibited regen
A: claws 1, cold resistance 1, negative energy resistance 3, inhibited
regeneration, torment resistance 2
a: no special abilities


You were on level 4 of the Dungeon.
You visited 1 branch of the dungeon, and saw 4 of its levels.

You collected 93 gold pieces.

Inventory:

Armour
 d - a +0 buckler (worn)
 e - a +0 leather armour (worn)
 f - a +0 cloak (worn)
 n - a +0 pair of boots (worn)
Wands
 o - a wand of polymorph (5)
Scrolls
 g - 2 scrolls of identify {unknown}
 h - a scroll of teleportation
 i - a scroll of summoning {unknown}
 j - a scroll of magic mapping {unknown}
 k - a scroll of fog {unknown}
 l - a scroll of vulnerability {unknown}
Potions
 a - 2 potions of curing {unknown}
 b - a potion of might
 c - a potion of brilliance
 m - a potion of heal wounds {unknown}
 p - a potion of haste {unknown}
 q - a potion of attraction {unknown}
 r - a potion of mutation {unknown}
 s - 2 potions of resistance {unknown}


   Skills:
 - Level 1.1 Fighting
 - Level 1.7 Maces & Flails
 - Level 1.0 Armour
 * Level 3.5 Shields
 - Level 4.2 Unarmed Combat
 - Level 1.0 Invocations


You had 3 spell levels left.
You didn't know any spells.
Your spell library contained the following spells:

 Spells                   Type           Power      Damage    Failure   Level
 Scorch                   Fire           0%         2d5       80%         2
 Flame Wave               Conj/Fire      0%         2d4       100%        4
 Irradiate                Conj/Tmut      0%         3d14      100%        5
 Summon Cactus Giant      Summ           0%         N/A       100%        6
 Blade Hands              Tmut           Unusable   N/A       N/A         5
 Dragon Form              Tmut           Unusable   N/A       N/A         7

Dungeon Overview and Level Annotations

Branches:
Dungeon (4/15)
 Temple: D:4-7

Altars:
The Shining One

Shops:
D:3 =


Innate Abilities, Weirdness & Mutations

You thrive by killing the living.
You are immune to poison.
You have sharp fingernails.
Your flesh is cold resistant. (rC+)
You are immune to negative energy. (rN+++)
You do not regenerate when monsters are visible.
You are immune to unholy pain and torment.


Message History

You feel better.
You closely miss the orc. The orc hits you but does no damage.
The orc throws a boomerang.
The boomerang hits you but does no damage.
You scratch the orc.
The orc is lightly wounded.
The orc hits you from afar with a +0 trident.
The orc hits you with a +0 dagger. x2
You claw the orc!
You kill the orc!
The orc closely misses you. The orc hits you but does no damage.
The orc hits you with a +0 dagger.
You scratch the orc.
The orc is almost dead.
The orc barely misses you.
The orc hits you from afar with a +0 trident.
The orc hits you with a +0 dagger.
You barely miss the orc.
The orc is almost dead.
The orc hits you but does no damage. The orc closely misses you. x2
You closely miss the orc.
The orc is almost dead.
The orc hits you but does no damage. The orc completely misses you.
The orc barely misses you.
You scratch the orc.
You kill the orc!
The orc barely misses you. The orc hits you with a +0 dagger.
You scratch the orc but do no damage.
The orc hits you from afar with a +0 trident.
The orc hits you with a +0 dagger.
You barely miss the orc.
The orc hits you from afar with a +0 trident.
* * * LOW HITPOINT WARNING * * *
The orc closely misses you.
You barely miss the orc.
The orc hits you from afar with a +0 trident.
* * * LOW HITPOINT WARNING * * *
The orc closely misses you.
The orc hits you from afar with a +0 trident.
You die...

#.# .. #.#
..## ##...##
..#####o....#
......))o..#
.......@).#
#.......###
#.......#
#.......#
.........
..#####.. .
##. #.


You could see 2 orcs.

Vanquished Creatures
  An adder (D:3)
  3 worms
  2 dart slugs (D:1)
  5 orcs
  3 endoplasms
  A giant cockroach (D:1)
  6 goblins
  7 hobgoblins
  11 jackals
  2 kobolds (D:1)
  A quokka (D:2)
  4 ball pythons
  A bat (D:2)
  3 frilled lizards
  2 rats (D:3)
52 creatures vanquished.

Notes
Turn   | Place    | Note
-------+----------+-------------------------------------------
     0 | D:1      | Froggeryz the Ghoul Wanderer began the quest for the Orb.
     0 | D:1      | Froggeryz set off with the following items: a +0 mace, a
                  | potion of might, a potion of brilliance, a +0 buckler, a +0
                  | leather armour
     0 | D:1      | Reached XP level 1. HP: 16/16 MP: 0/0
   144 | D:1      | Reached XP level 2. HP: 17/23 MP: 1/1
   335 | D:1      | Found a faded altar of an unknown god.
   450 | D:1      | Reached skill level 4 in Unarmed Combat
   653 | D:1      | Reached XP level 3. HP: 25/28 MP: 2/2
  2055 | D:3      | Noticed an orc warrior
  2247 | D:3      | Reached XP level 4. HP: 35/35 MP: 3/3
  2557 | D:3      | Found Maenem's Jewellery Shop.
  3047 | D:4      | Slain by an orc

Illustrated notes

Levels and vault maps discovered:
D:1:      dpeg_arrival_rooms_with_view, layout_basic,
          hellmonk_ecumenical_altar_inner_sanctum
D:2:      layout_basic, hangedman_decor_clover_reticule
D:3:      minmay_goblin_kobold_castle, layout_loops_corners,
          mainiacjoe_overflow_alcove_2, serial_shops, nicolae_diamond_shop
D:4:      layout_layer_cave, minmay_gold_behind_fungi, st_stairs_4, uniq_duvessa

Skill      XL: |  1  2  3 |
---------------+----------+-----
Shields        | 2 3 |  3.5
Unarmed Combat | 4 |  4.2
Fighting       | |  1.1
Maces & Flails | |  1.7
Armour         | |  1.0
Invocations    | |  1.0

Action                   |  1- 3 |  4- 6 || total
-------------------------+-------+-------++-------
Melee: Unarmed           |   117 |    49 ||   166
  Use: Scroll            |     1 |       ||     1
Armor: Leather armour    |    40 |    16 ||    56
Dodge: Dodged            |    51 |    30 ||    81
Block: Buckler           |    20 |     7 ||    27

Table legend: (Time is in decaauts)
 A = Elapsed time spent in this place.
 B = Non-inter-level travel time spent in this place.
 C = Inter-level travel time spent in this place.
 D = Time resting spent in this place.
 E = Time spent auto-exploring this place.
 F = Levels seen in this place.
 G = Mean time per level.
                   A        B        C        D        E       F      G
               +--------+--------+--------+--------+--------+-----+--------+
         Total |   3044 |   2695 |    349 |    352 |   1730 |   4 |  761.0 |
       Dungeon |   3044 |   2695 |    349 |    352 |   1730 |   4 |  761.0 |
               +--------+--------+--------+--------+--------+-----+--------+

Top non-repeatable levels by time:
     D:1: 1356 daAuts
     D:2: 879 daAuts
     D:3: 794 daAuts
     D:4: 13 daAuts
